 Dungeon Crawl Stone Soup version 0.29.1-14-g9c671dbff4 (webtiles) character file.

Game seed: 1363367383568493688

239 Thatpatchoflichen the Shooter (level 6, -1/48 HPs)
             Began as a Human Hunter on Feb 12, 2023.
             Slain by Edmund
             ... wielding a +1 flail of protection
              (2 damage)
             ... on level 4 of the Dungeon.
             The game lasted 00:10:40 (3919 turns).

Thatpatchoflichen the Shooter (Human Hunter)        Turns: 3919, Time: 00:10:41

Health: -1/48      AC:  6    Str: 12    XL:     6   Next: 29%
Magic:  6/6        EV: 13    Int:  9    God:
Gold:   196        SH:  0    Dex: 18    Spells: 5/5 levels left

rFire   . . .      SeeInvis .   a - +1 shortbow
rCold   . . .      Faith    .   (shield currently unavailable)
rNeg    . . .      Spirit   .   c - +0 leather armour
rPois   .          Reflect  .   h - +0 helmet
rElec   .          Harm     .   m - scarf {+Inv}
rCorr   .          Rampage  .   f - +1 pair of gloves
Will    .....                   (no boots)
Stlth   ++........              (no amulet)
HPRegen 0.16/turn               (no ring)
MPRegen 0.10/turn               (no ring)

@: about to teleport, hasted, very quick
A: no striking features
a: Evoke Invisibility


You were on level 4 of the Dungeon.
You visited 1 branch of the dungeon, and saw 4 of its levels.

You collected 196 gold pieces.

Inventory:

Hand Weapons
 a - a +1 shortbow (weapon)
Missiles
 n - 11 poisoned darts
 o - 6 boomerangs
Armour
 c - a +0 leather armour (worn)
 f - a +1 pair of gloves (worn)
 h - a +0 helmet (worn)
 k - a +0 chain mail
 m - a scarf of invisibility (worn)
Scrolls
 b - a scroll of immolation
 e - 6 scrolls of identify {unknown}
 i - a scroll of fear {unknown}
 r - a scroll of silence {unknown}
Potions
 d - 2 potions of haste
 g - 2 potions of heal wounds {unknown}
 j - 2 potions of degeneration {unknown}
 p - a potion of brilliance {unknown}
 q - a potion of invisibility {unknown}
 s - a potion of mutation {unknown}
 t - a potion of berserk rage {unknown}


   Skills:
 * Level 4.0 Fighting
 * Level 5.0 Ranged Weapons
 + Level 2.1 Armour
 + Level 3.1 Dodging
 - Level 1.0 Stealth


You had 5 spell levels left.
You didn't know any spells.
Your spell library contained the following spells:

 Spells                   Type           Power      Damage    Failure   Level
 Apportation              Tloc           0%         N/A       45%         1
 Magic Dart               Conj           0%         1d3       45%         1
 Searing Ray              Conj           0%         2d4       61%         2
 Portal Projectile        Hex/Tloc       0%         N/A       83%         3
 Tukima's Dance           Hex            0%         N/A       83%         3
 Fulminant Prism          Conj/Hex       0%         3d6       99%         4
 Alistair's Intoxication  Tmut/Pois      0%         N/A       100%        5
 Blade Hands              Tmut           0%         N/A       100%        5


Dungeon Overview and Level Annotations

Branches:
Dungeon (4/15)
 Temple: D:4-7

Altars:
Ashenzari
Kikubaaqudgha
Yredelemnul
The Shining One

Shops:
D:2 !*::

Annotations:
D:4 Dowan, Duvessa, Edmund


Message History

Edmund closely misses you.
Edmund hits you with a +1 flail of protection!
Fire: a) +0 shortbow
Press: ? - help, Q - select action, (/) - cycle Shift-Dir - straight line, f/p - Edmund
Aim: Edmund, wielding a +1 flail of protection and wearing a +3 scale mail of cold resistance (69% to hit)
You shoot an arrow.
The arrow hits Edmund but does no damage.
Edmund hits you with a +1 flail of protection.
Fire: a) +0 shortbow
Press: ? - help, Q - select action, (/) - cycle Shift-Dir - straight line, f/p - Edmund
Aim: Edmund, wielding a +1 flail of protection and wearing a +3 scale mail of cold resistance (69% to hit)
You shoot an arrow.
The arrow hits Edmund but does no damage.
Edmund hits you with a +1 flail of protection.
Fire: a) +0 shortbow
Press: ? - help, Q - select action, (/) - cycle Shift-Dir - straight line, f/p - Edmund
Aim: Edmund, wielding a +1 flail of protection and wearing a +3 scale mail of cold resistance (69% to hit)
You shoot an arrow.
The arrow hits Edmund but does no damage.
Edmund barely misses you.
Edmund hits you with a +1 flail of protection!
* * * LOW HITPOINT WARNING * * *
Fire: a) +0 shortbow
Press: ? - help, Q - select action, (/) - cycle Shift-Dir - straight line, f/p - Edmund
Aim: Edmund, wielding a +1 flail of protection and wearing a +3 scale mail of cold resistance (69% to hit)
You shoot an arrow. The arrow barely misses Edmund.
Edmund hits you with a +1 flail of protection.
* * * LOW HITPOINT WARNING * * *
As you read the scroll labelled TEFULI AXTOTT, it crumbles to dust.
It is a scroll of enchant weapon.
Your +0 shortbow glows red for a moment.
Edmund misses you.
As you read the scroll labelled MAAVOC CAUZXA, it crumbles to dust.
You feel strangely unstable.
It was a scroll of teleportation.
Edmund hits you with a +1 flail of protection!
* * * LOW HITPOINT WARNING * * *
It was a potion of haste.
You feel yourself speed up.
Edmund asks, "Have you met my wondrous brother?"
Edmund hits you with a +1 flail of protection.
You die...

#..#......#...#
#..#..#.......#
##.#..#.......#
#.#~~#...#...#
#.####...#...# #.#
#...#...# #.# #...#...#
#.# ....#@..# #.#
...#)#@..#
#.########...############
#............##.....##..#
####....#...........#...#
#....#...........'...#
#....#....##.....##..#
#....#....##.....##..###
#....#.....#...........+
#....#.....#...........#


You could see Edmund.

Vanquished Creatures
  A scorpion (D:4)
  A gnoll bouda (D:4)
  An orc wizard (D:4)
  3 adders
  An ufetubus (D:4)
  3 dart slugs
  5 orcs
  3 bats (D:1)
  13 endoplasms
  4 giant cockroaches
  7 goblins
  4 hobgoblins
  11 jackals
  6 ball pythons
  3 frilled lizards
  9 kobolds
  3 rats
78 creatures vanquished.

Notes
Turn   | Place    | Note
-------+----------+-------------------------------------------
     0 | D:1      | Thatpatchoflichen the Human Hunter began the quest for the
                  | Orb.
     0 | D:1      | Reached XP level 1. HP: 16/16 MP: 1/1
    51 | D:1      | Reached XP level 2. HP: 22/22 MP: 2/2
   287 | D:1      | Reached XP level 3. HP: 28/28 MP: 3/3
   457 | D:1      | Reached skill level 1 in Armour
   582 | D:1      | Found a faded altar of an unknown god.
   856 | D:2      | Found Jente's Assorted Antiques.
   867 | D:2      | Found Oproer's Book Shop.
   939 | D:2      | Reached XP level 4. HP: 32/34 MP: 4/4
  1031 | D:2      | Found Ifuzubor's Distillery.
  1204 | D:2      | Found Xeseptiho's Book Shop.
  1938 | D:3      | Found a broken altar of Ashenzari.
  2177 | D:3      | Found a basalt altar of Yredelemnul.
  2179 | D:3      | Noticed a profane servitor
  2434 | D:3      | Found a glowing golden altar of the Shining One.
  2569 | D:3      | Noticed an angel
  2655 | D:4      | Reached XP level 5. HP: 41/41 MP: 5/5
  2679 | D:4      | Found an ancient bone altar of Kikubaaqudgha.
  2946 | D:4      | Reached XP level 6. HP: 24/48 MP: 6/6
  3211 | D:4      | Noticed Dowan
  3212 | D:4      | Noticed Duvessa
  3599 | D:4      | Reached skill level 5 in Ranged Weapons
  3882 | D:4      | Noticed Edmund
  3918 | D:4      | HP: 1/48 [Edmund/+1 flail of protection (7)]
  3919 | D:4      | Slain by Edmund

Illustrated notes

Levels and vault maps discovered:
D:1:      heliophobic_arrival_enchanted_forest, layout_loops_ring,
          basic_ecumenical_altar, patterned_corridor
D:2:      layout_basic, serial_shops, shop, shop, shop_coins,
          nicolae_shop_advertising_works [nicolae_subvault_shop_adworks]
D:3:      layout_basic, grunt_temple_overflow_holy_war, lemuel_doored_altar
D:4:      minmay_angry_zag, layout_gridville, nemelex_dance_club_becter,
          mainiacjoe_overflow_24_doors, dk_vineyard_3, sigmund_edmund_badplayer,
          uniq_eustachio, uniq_duvessa

Skill      XL: |  1  2  3  4  5  6 |
---------------+-------------------+-----
Armour         | 1 2 |  2.1
Fighting       | 3 4 |  4.0
Dodging        | 3 |  3.1
Ranged Weapons | 5 |  5.0
Stealth        | |  1.0

Action                   |  1- 3 |  4- 6 || total
-------------------------+-------+-------++-------
 Fire: Shortbow          |    81 |   139 ||   220
  Use: Scroll            |       |     2 ||     2
       Potion            |       |     1 ||     1
Armor: Leather armour    |    14 |    26 ||    40
Dodge: Dodged            |    30 |    54 ||    84
